 Dungeon Crawl Stone Soup version 0.21.1-1-g345015f (webtiles) character file.

3235 Fang the Cleaver (level 9, -11/87 HPs)
             Began as a Gargoyle Berserker on May 29, 2018.
             Was an Elder of Trog.
             Mangled by valkyrieboi's ghost (19 damage)
             ... on level 7 of the Dungeon.
             The game lasted 00:11:22 (9229 turns).

Fang the Cleaver (Gargoyle Berserker)               Turns: 9229, Time: 00:11:23

Health: -11/87     AC: 10    Str: 28    XL:     9   Next: 98%
Magic:  9/9        EV: 14    Int: 14    God:    Trog [****..]
Gold:   348        SH:  0    Dex:  9    Spells: 8/8 levels left

rFire    . . .     SeeInvis .   a - +1 hand axe
rCold    . . .     Gourm    .   (no shield)
rNeg     + . .     Faith    .   b - +0 animal skin
rPois    ∞         Spirit   .   (no helmet)
rElec    +         Reflect  .   i - +1 cloak
rCorr    .         Harm     +   (no gloves)
MR       .....                  (no boots)
Stlth    ..........             h - amulet of harm
HPRegen  0.24/turn              q - +5 ring of intelligence
MPRegen  0.11/turn              s - ring of flight

@: berserking (expiring), very quick
A: negative energy resistance 1, electricity resistance, unbreathing,
petrification resistance, rot immunity, AC +6
a: Berserk, Trog's Hand, Brothers in Arms, Burn Spellbooks, Renounce Religion,
Evoke Flight


You were on level 7 of the Dungeon.
You worshipped Trog.
Trog was greatly pleased with you.
You were hungry.

You visited 1 branch of the dungeon, and saw 7 of its levels.
You also visited: Ossuary.

You collected 348 gold pieces.

Inventory:

Hand Weapons
 a - a +1 hand axe (weapon)
Missiles
 v - 6 javelins (quivered)
Armour
 b - a +0 animal skin (worn)
 i - a +1 cloak (worn)
Jewellery
 h - an amulet of harm (around neck)
 q - a +5 ring of intelligence (left hand)
 s - a ring of flight (right hand)
 t - an uncursed ring of stealth
Wands
 m - a wand of disintegration (12)
 w - a wand of acid (7)
 y - a wand of polymorph (16)
Scrolls
 e - 3 scrolls of teleportation
 f - a scroll of magic mapping
 g - 3 scrolls of remove curse
Potions
 d - 2 potions of ambrosia {unknown}
 j - a potion of resistance
 k - 3 potions of curing
 l - a potion of agility {unknown}
 n - a potion of berserk rage
 p - a potion of heal wounds
 r - 4 potions of brilliance
 B - a potion of might
 C - a potion of magic
Comestibles
 c - 7 rations


   Skills:
 + Level 7.7 Fighting
 + Level 9.2 Axes
 + Level 2.3 Armour
 + Level 5.7 Dodging
 + Level 4.0 Stealth


You had 8 spell levels left.
You didn't know any spells.

Dungeon Overview and Level Annotations

Branches:
Dungeon (7/15)
 Temple: D:4-7

Altars:
Dithmenos
Fedhas
Kikubaaqudgha
Nemelex Xobeh

Annotations:
D:3 2 transporters
D:7 valkyrieboi's ghost, novice HOFi


Innate Abilities, Weirdness & Mutations

You are resistant to torment.
Your stone body is resilient. (AC +6)
You are immune to poison.
You resist negative energy. (rN+)
You are resistant to electric shocks. (rElec)
You can survive without breathing.
You are immune to petrification.
You are immune to rotting.


Message History

Unknown command.
You slice valkyrieboi's ghost!!
Valkyrieboi's ghost is severely damaged.
The gnoll hits you from afar with a spear.
* * * LOW HITPOINT WARNING * * *
The gnoll sergeant hits you from afar with a spear.
* * * LOW HITPOINT WARNING * * *
You barely miss valkyrieboi's ghost.
Valkyrieboi's ghost is severely damaged.
Valkyrieboi's ghost closely misses you.
Unknown command.
You barely miss valkyrieboi's ghost.
Valkyrieboi's ghost is severely damaged.
The gnoll barely misses you.
The gnoll sergeant hits you but does no damage.
Unknown command.
You hit valkyrieboi's ghost but do no damage.
Valkyrieboi's ghost is severely damaged.
Valkyrieboi's ghost hits you!
You die...

#.# #.# #.#
#.################
#.#..............# ###
#.#.....########.#...
#.#.....# #####(#.####.
#.#.....# ##....(.......
#.#.....# #....)@†......
#.##'######.###)W#.####.
#.#.^.........gg.#...
#.#..######......#####
#....# #....... #....#
#....#.#
#.................
#..............#.#
#.........


You could see a gnoll sergeant, valkyrieboi's ghost and a gnoll.

Vanquished Creatures
  The ghost of Fang the Chopper, a novice GrBe of Trog (D:6)
  Prince Ribbit (D:6)
  Eustachio (D:4)
  Edmund (D:5)
  Duvessa (D:6)
  An orc warrior (D:6)
  3 ogres (D:6)
  A centaur (D:5)
  A bullfrog (D:6)
  9 scorpions
  Dowan (D:6)
  5 wights (D:6)
  A howler monkey (D:4)
  3 crimson imps (D:6)
  3 centaur zombies
  2 hounds (D:5)
  A human zombie (Ossuary)
  4 orc priests
  A centaur skeleton (D:5)
  2 orc wizards
  2 bullfrog skeletons (D:5)
  4 worker ants (D:5)
  An iguana (D:6)
  A killer bee zombie (D:5)
  4 big kobold zombies (Ossuary)
  3 mummies
  A worker ant zombie (D:6)
  4 gnolls
  5 scorpion zombies (Ossuary)
  9 adders
  A shadow imp (D:6)
  An ooze (D:4)
  An adder skeleton (D:5)
  5 worms
  2 leopard geckos (D:4)
  14 orcs
  A ball python (D:3)
  2 bat zombies (D:3)
  4 giant cockroaches
  15 goblins
  4 hobgoblins
  5 jackals
  2 quokkas
  11 bats
  7 frilled lizards
  2 gnoll zombies (Ossuary)
  A goblin zombie (Ossuary)
  3 hobgoblin zombies
  A jackal zombie (D:7)
  4 kobolds
  2 orc zombies (Ossuary)
  3 rats
  4 rat zombies (D:3)
172 creatures vanquished.

Vanquished Creatures (others)
  A human zombie (Ossuary)
  A mummy (Ossuary)
2 creatures vanquished.

Grand Total: 174 creatures vanquished

Notes
Turn   | Place    | Note
-------+----------+-------------------------------------------
     0 | D:1      | Fang the Gargoyle Berserker began the quest for the Orb.
     0 | D:1      | Reached XP level 1. HP: 14/14 MP: 1/1
    42 | D:1      | HP: 1/21 [worm (9)]
   607 | D:1      | Reached skill level 3 in Axes
   607 | D:1      | Reached XP level 2. HP: 10/19 MP: 2/2
   972 | D:1      | Reached XP level 3. HP: 19/23 MP: 3/3
  1628 | D:2      | Found a shadowy altar of Dithmenos.
  1651 | D:2      | Reached XP level 4. HP: 12/29 MP: 4/4
  1862 | D:2      | Found a sparkling altar of Nemelex Xobeh.
  2016 | D:2      | Reached ** piety under Trog
  2360 | D:3      | Found a transporter.
  2393 | D:3      | Found a transporter.
  2472 | D:3      | Reached XP level 5. HP: 30/33 MP: 5/5
  2518 | D:3      | Reached skill level 4 in Axes
  3289 | D:3      | Found an ancient bone altar of Kikubaaqudgha.
  3488 | D:4      | Reached XP level 6. HP: 17/39 MP: 6/6
  4406 | D:4      | Noticed Eustachio
  4421 | D:4      | Killed Eustachio
  4421 | D:4      | Reached skill level 5 in Axes
  4421 | D:4      | Reached skill level 1 in Stealth
  4421 | D:4      | Reached XP level 7. HP: 41/44 MP: 7/7
  4632 | D:5      | Entered Level 5 of the Dungeon
  4652 | D:5      | Reached skill level 5 in Fighting
  4902 | D:5      | Reached *** piety under Trog
  4978 | D:5      | Noticed Edmund
  5002 | D:5      | Killed Edmund
  5002 | D:5      | Reached skill level 6 in Axes
  5083 | D:5      | Found a sand-covered staircase.
  5096 | Ossuary  | Entered an ossuary
  5397 | Ossuary  | Reached XP level 8. HP: 30/50 MP: 8/8
  6017 | Ossuary  | Reached skill level 7 in Axes
  6431 | D:5      | Found a blossoming altar of Fedhas.
  7219 | D:6      | Noticed Prince Ribbit
  7344 | D:6      | Killed Prince Ribbit
  7344 | D:6      | Reached skill level 8 in Axes
  7344 | D:6      | Reached XP level 9. HP: 30/56 MP: 9/9
  7568 | D:6      | Reached **** piety under Trog
  7906 | D:6      | Noticed Fang's ghost (novice GrBe)
  7916 | D:6      | Killed Fang's ghost
  7916 | D:6      | Reached skill level 5 in Dodging
  8171 | D:6      | Paralysed by fainting for 12 turns
  8413 | D:6      | Noticed Dowan
  8426 | D:6      | Noticed Duvessa
  8435 | D:6      | Killed Dowan
  8446 | D:6      | Killed Duvessa
  8708 | D:6      | Reached skill level 9 in Axes
  9206 | D:7      | Noticed valkyrieboi's ghost (novice HOFi)
  9229 | D:7      | Mangled by valkyrieboi's ghost

Skill      XL: |  1  2  3  4  5  6  7  8  9 |
---------------+----------------------------+-----
Axes           | 3 4 5 6 8 9 |  9.2
Dodging        | 2 3 4 5 |  5.7
Fighting       | 4 5 6 7 |  7.7
Stealth        | 1 2 3 4 |  4.0
Armour         | |  2.3

Action                   |  1- 3 |  4- 6 |  7- 9 || total
-------------------------+-------+-------+-------++-------
Melee: Hand axe          |    94 |   191 |   484 ||   769
Invok: Berserk           |     2 |     3 |    14 ||    19
  Use: Scroll            |       |       |    15 ||    15
       Potion            |       |       |     6 ||     6
 Stab: Sleeping          |       |       |     4 ||     4
  Eat: Chunk             |     4 |     8 |    12 ||    24
       Ration            |       |     1 |     5 ||     6
Armor: Animal skin       |    39 |    79 |   173 ||   291
Dodge: Dodged            |    66 |   123 |   358 ||   547
